 Dungeon Crawl Stone Soup version 0.30-a0-142-g7370640ec8 (webtiles) character file.

Game seed: 16457337383574268744

391 RepoMan the Cudgeller (level 6, -1/48 HPs)
             Began as a Mummy Artificer on Sept 26, 2022.
             Slain by a gnoll
             ... wielding a +0 spear
             ... led by a gnoll bouda
              (4 damage)
             ... on level 4 of the Dungeon.
             The game lasted 00:23:53 (3888 turns).

RepoMan the Cudgeller (Mummy Artificer)             Turns: 3888, Time: 00:23:54

Health: -1/48      AC:  8    Str: 17    XL:     6   Next: 50%
Magic:  6/6        EV:  9    Int: 10    God:
Gold:   65         SH:  0    Dex: 13    Spells: 5/5 levels left

rFire   x . .      SeeInvis .    b - +0 morningstar
rCold   + . .      Faith    +    (no shield)
rNeg    + + +      Spirit   .    a - +0 scale mail
rPois   ∞          Reflect  .    (no helmet)
rElec   .          Harm     .    (no cloak)
rCorr   .          Rampage  .    u - +1 pair of gloves
Will    .....                    (no boots)
Stlth   ..........               (no amulet)
HPRegen 0.16/turn                o - ring of flight
MPRegen 0.10/turn                (no ring)

@: weakened, flying, studying Dodging
A: cold resistance 1, negative energy resistance 3, torment resistance 2, heat
vulnerability 1, in touch with death 1, no potions, faith
a: no special abilities


You were on level 4 of the Dungeon.
You visited 1 branch of the dungeon, and saw 4 of its levels.

You collected 65 gold pieces.

Inventory:

Hand Weapons
 b - a +0 morningstar (weapon)
 g - a +1 vampiric whip
 j - a +0 mace
 s - a +0 whip
Missiles
 m - 12 stones
 t - 3 atropa-tipped darts
 v - a poisoned dart (quivered)
Armour
 a - a +0 scale mail (worn)
 u - a +1 pair of gloves (worn)
Jewellery
 o - a ring of flight (left hand)
Wands
 c - a wand of flame (11)
 d - a wand of charming (4)
Scrolls
 e - 2 scrolls of immolation {unknown}
 f - a scroll of enchant weapon
 h - 2 scrolls of poison {unknown}
 k - a scroll of enchant armour
 l - 2 scrolls of amnesia {unknown}
 n - a scroll of blinking {unknown}
 p - a scroll of teleportation {unknown}


   Skills:
 + Level 3.8 Fighting
 * Level 4.4 Maces & Flails
 - Level 1.5 Armour
 - Level 0.7 Dodging
 - Level 0.7 Stealth
 - Level 2.4 Evocations


You had 5 spell levels left.
You didn't know any spells.
Your spell library contained the following spells:

 Spells                   Type           Power      Damage    Failure   Level
 Dazzling Flash           Conj/Hex       0%         N/A       98%         3
 Agony                    Necr           0%         N/A       100%        5
 Silence                  Hex/Air        0%         N/A       100%        5


Dungeon Overview and Level Annotations

Branches:
Dungeon (4/15)
 Temple: D:4-7

Altars:
Nemelex Xobeh
Wu Jian

Shops:
D:1 [   D:2 =

Annotations:
D:4 Blork the orc


Innate Abilities, Weirdness & Mutations

You are immune to poison.
Your flesh is cold resistant. (rC+)
You are immune to negative energy. (rN+++)
You are immune to unholy pain and torment.
You are vulnerable to heat. (rF-)
You are in touch with the powers of death.
You do not drink.
You have a special connection with the divine. (Faith)


Message History

Unknown command.
Aiming: Charm
Press: ? - help, Shift-Dir - straight line, f/p - gnoll bouda
Aim: a gnoll bouda, wielding a +0 whip and wearing a +0 robe (moderately wounded, chance to affect: 55%)
The gnoll bouda resists with significant effort.
The gnoll hits you from afar with a +0 spear.
* * * LOW HITPOINT WARNING * * *
The gnoll bouda hits you but does no damage.
Aiming: Charm
Press: ? - help, Shift-Dir - straight line, f/p - gnoll bouda
Aim: a gnoll bouda, wielding a +0 whip and wearing a +0 robe (moderately wounded, chance to affect: 55%)
The gnoll bouda resists with significant effort.
The gnoll hits you but does no damage.
The gnoll bouda hits you with a +0 whip.
* * * LOW HITPOINT WARNING * * *
Aiming: Charm
Press: ? - help, Shift-Dir - straight line, f/p - gnoll bouda
Aim: a gnoll bouda, wielding a +0 whip and wearing a +0 robe (moderately wounded, chance to affect: 55%)
The gnoll bouda resists with significant effort.
The gnoll hits you from afar with a +0 spear.
* * * LOW HITPOINT WARNING * * *
The gnoll bouda hits you but does no damage.
Unknown command.
Aiming: Charm
Press: ? - help, Shift-Dir - straight line, f/p - gnoll bouda
Aim: a gnoll bouda, wielding a +0 whip and wearing a +0 robe (moderately wounded, chance to affect: 55%)
The gnoll bouda is charmed.
The gnoll hits you but does no damage.
Unknown command.
What are your orders? t - Shout!
Orders for allies: a - Attack new target. p - Attack previous target. r - Retreat! s - Stop attacking. g - Guard the area. f - Follow me.
Anything else - Cancel.
Gang up on whom?
Press: ? - help, Dir - move target, f - gnoll, p - gnoll bouda
Aim: a gnoll, wielding a +0 spear (covering ground quickly) Attack!
The gnoll hits you from afar with a +0 spear.
You die...

...#.##
##.#...<##...##.....
..####
####..###...##8...8 .##
##...+...# ##_## ..
##...##...########## ...
##.#....###..#.....?.!###
....
#...........##...........
.....
#...#..######........#
...##..####..........#
#..@ggg.......(..#
#.####......##.#.# #.
#...#..# .# #. ###+##+#
+# #. #. ##


You could see 2 gnolls and a friendly gnoll bouda (charmed).

Vanquished Creatures
  A black bear (D:4)
  A hound (D:4)
  2 orc priests (D:4)
  2 iguanas (D:4)
  7 gnolls
  5 adders
  9 orcs
  6 endoplasms
  2 giant cockroaches
  7 goblins
  5 hobgoblins
  4 jackals (D:2)
  2 kobolds
  A quokka (D:4)
  6 ball pythons
  3 bats
  5 frilled lizards
68 creatures vanquished.

Vanquished Creatures (collateral kills)
  An orc (D:4)
  A ball python (D:1)
  An endoplasm (D:2)
  A goblin (D:2)
  A hobgoblin (D:2)
  A kobold (D:1)
6 creatures vanquished.

Vanquished Creatures (others)
  An orc (D:3)
  A jackal (D:2)
2 creatures vanquished.

Grand Total: 76 creatures vanquished

Notes
Turn   | Place    | Note
-------+----------+-------------------------------------------
     0 | D:1      | RepoMan the Mummy Artificer began the quest for the Orb.
     0 | D:1      | Reached XP level 1. HP: 15/15 MP: 1/1
   228 | D:1      | Reached skill level 1 in Maces & Flails
   228 | D:1      | Reached XP level 2. HP: 16/21 MP: 2/2
   390 | D:1      | Found a faded altar of an unknown god.
   765 | D:1      | Found Hecrag's Armour Shoppe.
  1098 | D:2      | Gained mutation: You are in touch with the powers of death.
                  | [Mummy growth]
  1098 | D:2      | Reached XP level 3. HP: 23/27 MP: 3/3
  1129 | D:2      | Reached skill level 2 in Maces & Flails
  1436 | D:2      | You are sucked into a shaft and drop 1 floor!
  1546 | D:2      | Found Omourch's Jewellery Shop.
  2029 | D:3      | Reached XP level 4. HP: 27/33 MP: 4/4
  2705 | D:4      | Identified a scroll of acquirement
  2706 | D:4      | Acquired a manual of Dodging
  2722 | D:4      | Noticed a black bear
  2860 | D:4      | Killed a black bear
  2861 | D:4      | Reached skill level 3 in Maces & Flails
  2861 | D:4      | Reached XP level 5. HP: 34/41 MP: 5/5
  3260 | D:4      | Reached skill level 4 in Maces & Flails
  3260 | D:4      | Reached XP level 6. HP: 33/47 MP: 6/6
  3293 | D:4      | Noticed Blork the orc
  3797 | D:4      | Found an ornate altar of the Wu Jian Council.
  3799 | D:4      | Found a sparkling altar of Nemelex Xobeh.
  3886 | D:4      | HP: 2/48 [gnoll/+0 spear[a gnoll bouda] (6)]
  3888 | D:4      | Slain by a gnoll

Illustrated notes

Levels and vault maps discovered:
D:1:      lemuel_arrival_broad_hall, layout_loops_ring,
          ebering_ecumenical_altar_box, serial_shops,
          nicolae_shop_hallway_stairs, minmay_tiny_reverse_x
D:2:      layout_loops_cross, serial_shops, nicolae_lakefront_shop,
          st_stairs_10, nicolae_underground_beach
D:3:      layout_rooms
D:4:      layout_basic, nicolae_overflow_hidden_temple,
          mainiacjoe_overflow_24_doors, minmay_misc_feat_rows,
          minmay_fractal_squares_gapless_5, uniq_blork_the_orc

Skill      XL: |  1  2  3  4  5 |
---------------+----------------+-----
Maces & Flails | 1 2 3 4 |  4.4
Fighting       | 2 3 |  3.8
Armour         | |  1.5
Dodging        | |  0.7
Stealth        | |  0.7
Evocations     | |  2.4

Action                   |  1- 3 |  4- 6 || total
-------------------------+-------+-------++-------
Melee: Mace              |    90 |    52 ||   142
       Club              |     9 |       ||     9
       Punch             |     2 |     4 ||     6
       Whip              |       |    82 ||    82
       Morningstar       |       |    25 ||    25
Throw: Stone             |     9 |       ||     9
       Dart              |       |    11 ||    11
Evoke: Wand              |     9 |    17 ||    26
  Use: Scroll            |       |     4 ||     4
Armor: Leather armour    |    23 |       ||    23
       Ring mail         |     2 |    36 ||    38
       Scale mail        |       |    37 ||    37
Dodge: Dodged            |    53 |    98 ||   151

Table legend: (Time is in decaauts)
 A = Elapsed time spent in this place.
 B = Non-inter-level travel time spent in this place.
 C = Inter-level travel time spent in this place.
 D = Time resting spent in this place.
 E = Time spent auto-exploring this place.
 F = Levels seen in this place.
 G = Mean time per level.
                   A        B        C        D        E       F      G
               +--------+--------+--------+--------+--------+-----+--------+
         Total |   3933 |   3846 |     87 |   1459 |    879 |   4 |  983.2 |
       Dungeon |   3933 |   3846 |     87 |   1459 |    879 |   4 |  983.2 |
               +--------+--------+--------+--------+--------+-----+--------+

Top non-repeatable levels by time:
     D:3: 1307 daAuts
     D:1: 1104 daAuts
     D:4: 809 daAuts
     D:2: 711 daAuts
